 Dungeon Crawl Stone Soup version 0.29-a0-459-g97dee8cd24 (webtiles) character file.

Game seed: 2571198626675623585

200 siradein the Vexing (level 5, -2/35 HPs)
             Began as a Vampire Enchanter on May 20, 2022.
             Was an Initiate of Dithmenos.
             Killed by divine providence
             ... invoked by an orc priest
              (14 damage)
             ... on level 5 of the Dungeon.
             The game lasted 00:12:24 (4109 turns).

siradein the Vexing (Vampire Enchanter)             Turns: 4109, Time: 00:12:25

Health: -2/35      AC:  4    Str: 13    XL:     5   Next: 49%
Magic:  5/11       EV: 16    Int: 22    God:    Dithmenos [......]
Gold:   149        SH:  0    Dex: 15    Spells: 4/12 levels left

rFire   . . .      SeeInvis +   a - +1 dagger
rCold   . . .      Faith    .   (no shield)
rNeg    . . .      Spirit   .   v - +1 robe of Hedge Wizardry {Will++ Int+3}
rPois   .          Reflect  .   (no helmet)
rElec   .          Harm     .   q - scarf {shadows}
rCorr   .          Rampage  .   k - +0 pair of gloves
Will    ++...                   (no boots)
Stlth   +++.......              (no amulet)
HPRegen 0.31/turn               d - +4 ring of evasion
MPRegen 0.12/turn               u - +6 ring of strength

@: healing quickly
A: alive, fangs 3, see invisible, vampiric 2
a: Exsanguinate, Renounce Religion


You were on level 5 of the Dungeon.
You worshipped Dithmenos.
Dithmenos was noncommittal.
You visited 2 branches of the dungeon, and saw 6 of its levels.

You collected 149 gold pieces.

Inventory:

Hand Weapons
 a - a +1 dagger (weapon)
Armour
 k - a +0 pair of gloves (worn)
 q - a scarf of shadows (worn)
 v - the +1 robe of Hedge Wizardry (worn) {Will++ Int+3}
   (You found it on level 3 of the Dungeon)

   Int:       It affects your intelligence (+3).
   Will:      It greatly increases your willpower.
Jewellery
 d - a +4 ring of evasion (left hand)
 u - a +6 ring of strength (right hand)
Wands
 o - a wand of acid (6)
 x - a wand of paralysis (9)
Scrolls
 h - 3 scrolls of poison
 j - 2 scrolls of magic mapping
 l - 2 scrolls of fog
 n - 4 scrolls of teleportation
 p - 2 scrolls of blinking {unknown}
 r - a scroll of vulnerability {unknown}
Potions
 c - 2 potions of invisibility
 e - a potion of might
 f - a potion of heal wounds {unknown}
 g - 5 potions of curing
 i - a potion of haste
 m - 2 potions of mutation
 s - a potion of flight {unknown}
 t - a potion of degeneration {unknown}
 w - a potion of attraction {unknown}


   Skills:
 - Level 1.1 Short Blades
 - Level 2.1 Dodging
 - Level 4.4 Stealth
 + Level 4.0 Spellcasting
 + Level 7.1 Hexes


You had 4 spell levels left.
You knew the following spells:

 Your Spells              Type           Power      Damage    Failure   Level
a - Ensorcelled Hibernat  Hex/Ice        40%        N/A       4%          2
b - Confusing Touch       Hex            35%        N/A       1%          3
c - Tukima's Dance        Hex            35%        N/A       1%          3

Your spell library contained the following spells:

 Spells                   Type           Power      Damage    Failure   Level
 Dazzling Flash           Conj/Hex       40%        N/A       8%          3
 Inner Flame              Hex/Fire       20%        N/A       8%          3
 Summon Guardian Golem    Hex/Summ       20%        N/A       8%          3
 Foxfire                  Conj/Fire      16%        2x1d4     11%         1
 Sandblast                Erth           8%         2d5       11%         1
 Passwall                 Tmut/Erth      3%         N/A       17%         2
 Conjure Flame            Conj/Fire      4%         6-21      32%         3
 Stone Arrow              Conj/Erth      8%         3d7       32%         3
 Flame Wave               Conj/Fire      4%         2d5       73%         4
 Orb of Destruction       Conj           2%         9d5       100%        7
 Spellforged Servitor     Conj/Summ      2%         N/A       100%        7


Dungeon Overview and Level Annotations

Branches:
Dungeon (5/15)             Temple (1/1) D:4

Altars:
Dithmenos
Elyvilon
Fedhas
Gozag
Hepliaklqana
Kikubaaqudgha
Qazlal
Trog
Uskayaw
Wu Jian
Zin

Shops:
D:3 [

Annotations:
D:2 1 runed translucent door, Crazy Yiuf
D:3 1 runed translucent door, sirJeffrey23's ghost, amateur DgGl


Innate Abilities, Weirdness & Mutations

Your natural rate of healing is accelerated.
You have razor-sharp teeth.
You have supernaturally acute eyesight. (SInv)
You are afflicted with vampirism and can become a bat while bloodless.


Message History

The hound looks drowsy...
The helpless hound fails to defend itself.
You impale the hound!!
You kill the hound!
Dithmenos accepts your kill.
Your Spellcasting skill increases to level 4!
Your Hexes skill increases to level 7!
HP restored.
Magic restored.
You now have 149 gold pieces (gained 10).
An orc priest comes into view. It is wielding a +0 dagger.
Casting: Ensorcelled Hibernation (safe; 4% risk of failure)
Confirm with . or Enter, or press ? or * to list all spells.
Aiming: Tukima's Dance (safe; 1% risk of failure)
Press: ? - help, Shift-Dir - straight line, f - orc priest
Aim: an orc priest, wielding a +0 dagger and wearing a +0 leather armour (wandering, hasn't noticed you, chance to affect: 63%)
The orc priest resists with significant effort.
Casting: Tukima's Dance (safe; 1% risk of failure)
Confirm with . or Enter, or press ? or * to list all spells.
Aiming: Tukima's Dance (safe; 1% risk of failure)
Press: ? - help, Shift-Dir - straight line, f/p - orc priest
Aim: an orc priest, wielding a +0 dagger and wearing a +0 leather armour (chance to affect: 63%)
The +0 dagger dances into the air!
The orc priest mumbles some strange prayers to Beogh against you.
Beogh smites you!
An orc comes into view. It is wielding a +0 club.
An orc wizard comes into view. It is wielding a +0 dagger.
The orc wizard gestures at your +0 dagger while chanting.
The magic dart hits your +0 dagger!
Your +0 dagger falls from the air.
An orc warrior comes into view. It is wielding a +0 broad axe.
You barely miss the orc priest.
The orc warrior shouts!
The orc wizard shouts!
You bite the orc priest.
The orc priest is moderately wounded.
The orc priest invokes the aid of Beogh against you.
Beogh smites you!
The orc priest calls down the wrath of Beogh upon you.
Beogh smites you!
You die...

#### ##.......<..#
...###..........##
#................#
####.............#
# #.............#
# #.............#
##............##
#..............##
#.......#####.@.##
##..##### ##...##
#..# ##...# #.##
##.o.# #.# ###..#
..# #oo. #o.. ...
..


You could see an orc warrior, an orc priest, an orc wizard and an orc.

Vanquished Creatures
  A hound (D:5)
  2 iguanas
  3 adders
  A shadow imp (D:4)
  2 worms (D:2)
  2 ball pythons (D:1)
  5 endoplasms
  3 giant cockroaches
  15 goblins
  9 hobgoblins
  6 jackals
  8 kobolds
  6 quokkas
  5 bats
  2 frilled lizards (D:1)
  3 rats
73 creatures vanquished.

Vanquished Creatures (others)
  A dancing weapon (D:5)
  4 fungi (D:2)
5 creatures vanquished.

Grand Total: 78 creatures vanquished

Notes
Turn   | Place    | Note
-------+----------+-------------------------------------------
     0 | D:1      | siradein the Vampire Enchanter began the quest for the Orb.
     0 | D:1      | Reached XP level 1. HP: 13/13 MP: 3/3
    69 | D:1      | Found a faded altar of an unknown god.
   143 | D:1      | Reached XP level 2. HP: 19/19 MP: 5/5
   150 | D:1      | Learned a level 2 spell: Ensorcelled Hibernation
   329 | D:1      | Reached skill level 5 in Hexes
   892 | D:2      | Gained mutation: You are afflicted with vampirism and can
                  | become a bat while bloodless. [Vampire growth]
   892 | D:2      | Reached XP level 3. HP: 24/24 MP: 7/7
  1080 | D:2      | Learned a level 3 spell: Confusing Touch
  1839 | D:2      | Found a runed translucent door.
  1840 | D:2      | Noticed Crazy Yiuf
  1973 | D:3      | Reached skill level 6 in Hexes
  1973 | D:3      | Reached XP level 4. HP: 30/30 MP: 5/8
  2035 | D:3      | Found a blossoming altar of Fedhas.
  2343 | D:3      | Found a runed translucent door.
  2343 | D:3      | Noticed sirJeffrey23's ghost (amateur DgGl)
  2360 | D:3      | Identified the +1 robe of Hedge Wizardry {Will++ Int+3}
  2481 | D:3      | Learned a level 3 spell: Tukima's Dance
  2605 | D:3      | Found Weacrabi's Antique Armour Shop.
  3123 | D:4      | Found a staircase to the Ecumenical Temple.
  3157 | Temple   | Entered the Ecumenical Temple
  3291 | Temple   | Became a worshipper of Dithmenos the Shadowed
  3447 | D:4      | Found an ornate altar of the Wu Jian Council.
  3447 | D:4      | Found an opulent altar of Gozag.
  3742 | D:5      | Entered Level 5 of the Dungeon
  3758 | D:5      | Reached XP level 5. HP: 22/35 MP: 4/10
  4028 | D:5      | Reached skill level 7 in Hexes
  4106 | D:5      | Noticed an orc warrior
  4109 | D:5      | Killed from afar by an orc priest

Illustrated notes

Levels and vault maps discovered:
D:1:      lemuel_arrival_lava_pool, layout_loops_ring,
          ebering_ecumenical_altar_webs
D:2:      kennysheep_the_goblin_king, layout_basic, uniq_crazy_yiuf_cottage
D:3:      layout_loops_ring, fedhas_altar_2, serial_shops,
          nicolae_lakefront_shop, ebering_ghost_inner_flame, grunt_decor_cap
D:4:      layout_loops_ring, mainiacjoe_overflow_catwalk,
          gammafunk_temple_overflow_elements,
          minmay_temple_entry_statues_pillars
D:5:      layout_cave_pods
Temple:   nicolae_temple_figure_eight

Skill      XL: |  1  2  3  4  5 |
---------------+----------------+-----
Hexes          | 5 6 7 |  7.1
Spellcasting   | 3 4 |  4.0
Short Blades   | |  1.1
Dodging        | |  2.1
Stealth        | |  4.4

Action                   |  1- 3 |  4- 6 || total
-------------------------+-------+-------++-------
Melee: Dagger            |   132 |   100 ||   232
       Bite              |    11 |     9 ||    20
       Punch             |     1 |       ||     1
 Cast: Ensorcelled Hiber |    16 |    15 ||    31
       Tukima's Dance    |       |     2 ||     2
       Confusing Touch   |       |     1 ||     1
  Use: Scroll            |     1 |     6 ||     7
 Stab: Sleeping          |    19 |    11 ||    30
Armor: Robe              |    18 |    12 ||    30
Dodge: Dodged            |   113 |    84 ||   197

Table legend: (Time is in decaauts)
 A = Elapsed time spent in this place.
 B = Non-inter-level travel time spent in this place.
 C = Inter-level travel time spent in this place.
 D = Time resting spent in this place.
 E = Time spent auto-exploring this place.
 F = Levels seen in this place.
 G = Mean time per level.
                   A        B        C        D        E       F      G
               +--------+--------+--------+--------+--------+-----+--------+
         Total |   4097 |   3964 |    133 |    260 |   2830 |   6 |  682.8 |
       Dungeon |   3932 |   3799 |    133 |    260 |   2705 |   5 |  786.4 |
        Temple |    164 |    164 |      0 |      0 |    125 |   1 |  164.0 |
               +--------+--------+--------+--------+--------+-----+--------+

Top non-repeatable levels by time:
     D:2: 1131 daAuts
     D:4: 947 daAuts
     D:3: 879 daAuts
     D:1: 740 daAuts
     D:5: 233 daAuts
  Temple: 164 daAuts
